 Dungeon Crawl Stone Soup version 0.25-a0-578-gc91f01c (webtiles) character file.

Game seed: 8844898090081494629, levelgen mode: deterministic

40768 BlueFish the Fencer (level 13, -4/122 HPs)
             Began as a Minotaur Fighter on Mar 5, 2020.
             Was an Elder of Yredelemnul.
             Slain by a catoblepas (17 damage)
             ... on level 6 of the Lair of Beasts.
             The game lasted 00:36:18 (14916 turns).

BlueFish the Fencer (Minotaur Fighter)             Turns: 14916, Time: 00:36:19

Health: -4/122     AC: 20    Str: 27    XL:     13   Next: 76%
Magic:  0/17       EV: 10    Int:  8    God:    Yredelemnul [****..]
Gold:   966        SH:  0    Dex: 15    Spells: 12/12 levels left

rFire    + . .     SeeInvis .   a - +1 long sword
rCold    + . .     Gourm    .   J - +0 buckler
rNeg     . . .     Faith    .   g - +0 plate armour
rPois    .         Spirit   +   O - +1 hat {Int+3}
rElec    .         Reflect  .   B - scarf {cloud immunity}
rCorr    .         Harm     .   Q - +0 pair of gloves
MR       .....                  N - +0 pair of boots
Stlth    ..........             A - amulet of guardian spirit
HPRegen  0.30/turn              k - ring "Anuit" {rC+ Str+6}
MPRegen  0.15/turn              P - ring of protection from fire

@: confused, injury mirror, berserk cooldown, hasted and slowed
A: retaliatory headbutt, horns 2
a: Recall Undead Slaves, Injury Mirror, Animate Dead, Drain Life, Renounce
Religion


You were on level 6 of the Lair of Beasts.
You worshipped Yredelemnul.
Yredelemnul was greatly pleased with you.
You were not hungry.

You visited 3 branches of the dungeon, and saw 18 of its levels.
You also visited: Sewer.

You collected 966 gold pieces.

Inventory:

Hand Weapons
 a - a +1 long sword (weapon)
 d - the +8 rapier "Killer Klown's Death" {vorpal, Str+8}
   (You found it on level 7 of the Dungeon)

   It inflicts extra damage upon your enemies.
   It affects your strength (+8).
Armour
 c - a +0 kite shield
 g - a +0 plate armour (worn)
 B - a scarf of cloud immunity (worn)
 J - a +0 buckler (worn)
 N - a +0 pair of boots (worn)
 O - a +1 hat of intelligence (worn)
 Q - a +0 pair of gloves (worn)
Jewellery
 b - an uncursed ring of positive energy
 e - an uncursed ring of protection from cold
 k - the ring "Anuit" (left hand) {rC+ Str+6}
   (You found it on level 10 of the Dungeon)

   [ring of strength]

   It affects your strength (+6).
   It protects you from cold.
 A - an amulet of guardian spirit (around neck)
 C - a +4 ring of evasion
 K - an uncursed amulet of magic regeneration
 P - a ring of protection from fire (right hand)
Wands
 p - a wand of clouds (3)
 q - a wand of polymorph (4)
 r - a wand of digging (7)
 s - a wand of iceblast (40)
 w - a wand of flame (21)
 x - a wand of disintegration (10)
 F - a wand of paralysis (13)
Scrolls
 j - 3 scrolls of fear
 o - 12 scrolls of remove curse
 t - 9 scrolls of teleportation
 u - 2 scrolls of fog
 v - 4 scrolls of enchant armour
 y - 8 scrolls of enchant weapon
 I - 2 scrolls of blinking
 L - a scroll of amnesia
 M - a scroll of magic mapping
Potions
 h - 3 potions of brilliance
 i - 11 potions of curing
 l - a potion of ambrosia
 m - 2 potions of invisibility
 n - 3 potions of haste
 z - 6 potions of flight
 D - a potion of berserk rage
 E - a potion of lignification
 G - a potion of heal wounds {unknown}
 H - 2 potions of mutation
 R - a potion of cancellation {unknown}
Comestibles
 f - 26 rations


   Skills:
 * Level 13.1 Fighting
 - Level 1.1(9.8) Short Blades
 * Level 15.7 Long Blades
 * Level 14.5 Armour
 + Level 3.1 Dodging
 - Level 1.1 Stealth
 * Level 8.6 Shields
 * Level 7.6 Invocations


You had 12 spell levels left.
You didn't know any spells.
Your spell library contained the following spells:

 Spells                   Type           Power        Failure   Level  Hunger
 Corona                   Hex            #......      96%         1    ##.....
 Foxfire                  Conj/Fire      #...         96%         1    ##.....
 Freeze                   Ice            #...         96%         1    ##.....
 Slow                     Hex            #.......     99%         2    ###....
 Conjure Flame            Conj/Fire      #.......     100%        3    ####...
 Frozen Ramparts          Ice            #.....       100%        3    ####...
 Inner Flame              Hex/Fire       #.......     100%        3    ####...
 Ozocubu's Armour         Chrm/Ice       #.......     100%        3    ####...
 Portal Projectile        Hex/Tloc       #.....       100%        3    ####...
 Cause Fear               Hex            #.........   100%        4    #####..
 Hailstorm                Conj/Ice       #.......     100%        4    #####..
 Leda's Liquefaction      Hex/Erth       #.........   100%        4    #####..
 Sticky Flame             Conj/Fire      #.......     100%        4    #####..
 Summon Ice Beast         Ice/Summ       #.......     100%        4    #####..
 Fireball                 Conj/Fire      #.........   100%        5    ######.


Dungeon Overview and Level Annotations

Branches:
Dungeon (11/15)            Temple (1/1) D:7            Lair (5/6) D:11
 Shoals (0/4) Lair:4       Spider (0/4) Lair:3        Slime (0/5) Lair:5
    Orc (0/2) D:9           Sewer (visited)

Altars:
Ashenzari
Cheibriados
Dithmenos
Elyvilon
Fedhas
Gozag
Hepliaklqana
Kikubaaqudgha
Makhleb
Nemelex Xobeh
Okawaru
Qazlal
Ru
Sif Muna
Trog
Uskayaw
Vehumet
Wu Jian
Xom
Yredelemnul
Zin
The Shining One

Shops:
D:8 ?   D:9 (

Annotations:
D:2 Terence
D:3 1 runed translucent door, bobarctor's ghost, amateur DsGl
D:9 1 runed translucent door, robertstho's ghost, novice MiFi
D:11 3 runed translucent doors, Smoke131's ghost, journeyman DEFE


Innate Abilities, Weirdness & Mutations

You reflexively headbutt those who attack you in melee.
You have a pair of horns on your head.


Message History

The death yak is lightly wounded.
You are confused.
You feel invigorated. The catoblepas barely misses you.
The lindwurm bites you but does no damage.
The lindwurm claws you but does no damage. x2
The deep troll shaman barely misses you.
The deep troll shaman closely misses you.
The deep troll shaman claws you!
* * * LOW HITPOINT WARNING * * *
Yredelemnul mirrors your injury!
The deep troll shaman is almost dead.
The death yak misses you. The death yak gores you!
* * * LOW HITPOINT WARNING * * *
Yredelemnul mirrors your injury!
The death yak is moderately wounded.
You hit the lindwurm. You headbutt the lindwurm!
The lindwurm is moderately wounded.
The catoblepas gores you!!
You die...
Your body rises from the dead as a mindless zombie.

######
###.÷...#
###..÷.....
##...8..#
#.8.YYY##
#..÷@Y##
#).8kT8.#
#$$...÷8.#
##$!.......
##$!.8÷.8...
##?}.....##
###[##### ##


You could see 3 death yaks, a catoblepas, a lindwurm and a deep troll shaman.

Vanquished Creatures
  Gastronok (Lair:3)
  Fannar (Lair:2)
  3 hydras
  3 two-headed ogres
  An unseen horror (D:10)
  An orange crystal statue (D:8)
  An ugly thing (D:11)
  Pikel (D:7)
  A cyclops (D:11)
  Joseph (D:10)
  3 elephants
  Maurice (D:10)
  3 black mambas
  4 spiny frogs
  Maggie (D:8)
  2 rime drakes
  3 komodo dragons
  A troll (D:10)
  A hornet (Lair:1)
  Prince Ribbit (D:8)
  2 dream sheep (D:8)
  6 blink frogs (Lair:2)
  3 hippogriffs
  2 flying skulls (Lair:1)
  A wraith (D:10)
  A wyvern (D:11)
  2 basilisks
  Grum (D:8)
  10 yaks
  A steam dragon (Lair:1)
  2 hungry ghosts
  Edmund (D:6)
  A warg (D:9)
  2 water moccasins
  8 porcupines
  3 orc warriors
  4 ice beasts
  8 sky beasts
  An eye of draining (D:11)
  A black bear (D:11)
  2 phantoms (D:8)
  A necrophage (D:9)
  12 wolves
  3 centaurs
  5 ogres
  4 crocodiles
  16 bullfrogs
  4 big kobolds (D:8)
  A gnoll sergeant (D:8)
  9 scorpions
  A yak skeleton (Lair:1)
  9 wights
  A howler monkey (D:11)
  A quasit (D:10)
  A wolf skeleton (Lair:1)
  3 bullfrog skeletons
  5 jellies
  2 centaur skeletons
  7 orc wizards
  4 orc priests
  5 hounds
  Ijyb (D:4)
  An iguana (D:4)
  8 worker ants
  A killer bee zombie (D:8)
  A hound zombie (D:7)
  A hound skeleton (D:7)
  A worker ant zombie (D:10)
  9 gnolls
  A river rat (D:6)
  19 adders
  2 shadow imps (D:6)
  2 oozes
  4 adder zombies
  4 adder skeletons
  2 dart slugs
  4 worms
  7 leopard geckos
  28 orcs
  A ball python (Sewer)
  6 giant cockroaches
  5 goblins
  6 hobgoblins
  17 jackals
  3 quokkas
  14 bats
  6 frilled lizards
  A gnoll skeleton (D:8)
  16 kobolds
  A leopard gecko zombie (D:7)
  4 orc skeletons (D:8)
  A quokka zombie (D:10)
  10 rats
377 creatures vanquished.

Vanquished Creatures (collateral kills)
  Rupert (Lair:3)
  A catoblepas (Lair:4)
  Urug (Lair:1)
  6 elephants
  A black mamba (Lair:1)
  A rime drake (Lair:2)
  A komodo dragon (Lair:1)
  2 spiny frogs
  3 blink frogs (Lair:2)
  4 yaks
  A water moccasin (Lair:2)
  4 porcupines
  6 wolves
  3 crocodiles
  2 bullfrogs (Lair:1)
  A worker ant (D:11)
  A gnoll (D:8)
  3 adders (Lair:1)
  2 oozes (Lair:5)
  A gnoll skeleton (D:8)
  2 orc skeletons (D:8)
  A bush (Lair:1)
  13 fungi
  14 plants
75 creatures vanquished.

Vanquished Creatures (others)
  A blink frog skeleton (Lair:2)
  A rime drake skeleton (Lair:2)
  2 wights
  A yak skeleton (Lair:3)
  A wolf zombie (Lair:3)
  4 wolf skeletons (Lair:1)
  3 bullfrog skeletons
  A sky beast zombie (D:8)
  A mummy (Lair:3)
  A worker ant zombie (D:7)
  A kobold zombie (D:8)
  40 fungi
  33 plants
90 creatures vanquished.

Grand Total: 542 creatures vanquished

Notes
Turn   | Place    | Note
-------+----------+-------------------------------------------
     0 | D:1      | BlueFish the Minotaur Fighter began the quest for the Orb.
     0 | D:1      | Reached XP level 1. HP: 19/19 MP: 0/0
   223 | D:1      | Reached XP level 2. HP: 17/27 MP: 1/1
   643 | D:1      | Reached XP level 3. HP: 34/34 MP: 2/2
   827 | D:2      | Found an opulent altar of Gozag.
   835 | D:2      | Reached skill level 3 in Long Blades
  1024 | D:2      | Noticed Terence
  1335 | D:3      | Reached XP level 4. HP: 41/41 MP: 3/3
  1344 | D:3      | Reached skill level 4 in Long Blades
  1539 | D:3      | Reached XP level 5. HP: 34/47 MP: 4/4
  1694 | D:3      | Noticed bobarctor's ghost (amateur DsGl)
  1697 | D:3      | Found a runed translucent door.
  2125 | D:4      | Noticed an ice beast
  2126 | D:4      | Reached skill level 5 in Long Blades
  2136 | D:4      | Killed an ice beast
  2136 | D:4      | Reached skill level 5 in Armour
  2136 | D:4      | Reached XP level 6. HP: 44/55 MP: 5/5
  2175 | D:4      | Noticed Ijyb
  2181 | D:4      | Killed Ijyb
  2184 | D:4      | Reached skill level 6 in Long Blades
  2339 | D:4      | Found a radiant altar of Vehumet.
  2429 | D:4      | Reached skill level 5 in Fighting
  2432 | D:4      | Reached skill level 7 in Long Blades
  2432 | D:4      | Reached XP level 7. HP: 58/61 MP: 6/6
  2622 | D:4      | Found the +7 Singing Sword {vorpal, sonic wave}
  2711 | D:5      | Entered Level 5 of the Dungeon
  3037 | D:5      | Reached skill level 8 in Long Blades
  3344 | D:6      | Noticed Edmund
  3361 | D:6      | Killed Edmund
  3361 | D:6      | Reached XP level 8. HP: 68/70 MP: 7/7
  3380 | D:6      | Reached skill level 1 in Dodging
  3595 | D:6      | Found a glowing drain.
  3602 | Sewer    | Entered a sewer
  4037 | D:6      | Reached skill level 9 in Long Blades
  4340 | D:7      | Found a staircase to the Ecumenical Temple.
  4344 | D:7      | Noticed Pikel
  4349 | Temple   | Entered the Ecumenical Temple
  4504 | Temple   | Became a worshipper of Yredelemnul the Dark
  4554 | D:7      | Killed Pikel
  4580 | D:7      | Got a smoking rapier
  4628 | D:7      | Noticed a two-headed ogre
  4635 | D:7      | Killed a two-headed ogre
  4635 | D:7      | Reached skill level 10 in Long Blades
  4635 | D:7      | Reached XP level 9. HP: 52/79 MP: 5/8
  5137 | D:7      | Reached skill level 11 in Long Blades
  5410 | D:8      | Noticed Maggie
  5411 | D:8      | Noticed Grum
  5417 | D:8      | Killed Maggie
  5417 | D:8      | Reached skill level 1 in Stealth
  5417 | D:8      | Noticed a two-headed ogre
  5418 | D:8      | Killed Grum
  5427 | D:8      | Killed a two-headed ogre
  5427 | D:8      | Reached skill level 12 in Long Blades
  5427 | D:8      | Reached skill level 10 in Armour
  5427 | D:8      | Reached XP level 10. HP: 38/88 MP: 3/9
  5440 | D:8      | Noticed Prince Ribbit
  5448 | D:8      | Killed Prince Ribbit
  5482 | D:8      | Found a hazy altar of Hepliaklqana.
  5482 | D:8      | Reached * piety under Yredelemnul
  5983 | D:8      | Found Oshooliut's Magic Scroll Shop.
  6092 | D:8      | Reached skill level 13 in Long Blades
  6187 | D:8      | Reached skill level 1 in Invocations
  6189 | D:8      | Reached ** piety under Yredelemnul
  6397 | D:8      | Noticed an orange crystal statue
  6442 | D:8      | Killed an orange crystal statue
  6623 | D:8      | Noticed a three-headed hydra
  6635 | D:8      | Identified the +8 rapier "Killer Klown's Death" {vorpal,
                  | Str+8} (You found it on level 7 of the Dungeon)
  6639 | D:8      | Killed a four-headed hydra
  6813 | D:9      | Reached XP level 11. HP: 97/97 MP: 10/12
  6824 | D:9      | Found Viwkanei's Antique Weapon Emporium.
  6932 | D:9      | Found a shattered altar of Ashenzari.
  6935 | D:9      | Found a stormy altar of Qazlal.
  6955 | D:9      | Found an ornate altar of the Wu Jian Council.
  6956 | D:9      | Found a snail-covered altar of Cheibriados.
  6958 | D:9      | Found a shimmering altar of Xom.
  6959 | D:9      | Found a shadowy altar of Dithmenos.
  6960 | D:9      | Found a burning altar of Makhleb.
  7026 | D:9      | Found a staircase to the Orcish Mines.
  7043 | D:9      | Reached skill level 1 in Short Blades
  7124 | D:9      | Found a runed translucent door.
  7129 | D:9      | Noticed robertstho's ghost (novice MiFi)
  7876 | D:10     | Entered Level 10 of the Dungeon
  7876 | D:10     | Noticed Maurice
  7924 | D:10     | Reached skill level 10 in Fighting
  7924 | D:10     | Reached skill level 14 in Long Blades
  7924 | D:10     | Reached skill level 5 in Shields
  7924 | D:10     | Reached skill level 5 in Invocations
  7924 | D:10     | Reached XP level 12. HP: 108/108 MP: 12/14
  8091 | D:10     | Noticed Joseph
  8097 | D:10     | Reached *** piety under Yredelemnul
  8105 | D:10     | Killed Joseph
  8164 | D:10     | Got an ancient brass ring
  8166 | D:10     | Identified the ring "Anuit" {rC+ Str+6} (You found it on
                  | level 10 of the Dungeon)
  8504 | D:10     | Got a brightly glowing ring mail
  8515 | D:10     | Identified the +5 ring mail of Restah {Int+7 Dex-3} (You
                  | found it on level 10 of the Dungeon)
  8623 | D:10     | Killed Maurice
  8828 | D:11     | Found a staircase to the Lair.
  9069 | D:11     | Found a runed translucent gate.
  9071 | D:11     | Found a runed translucent gate.
  9072 | D:11     | Found a runed translucent gate.
  9073 | D:11     | Noticed Smoke131's ghost (journeyman DEFE)
  9372 | D:11     | Got a bloodstained hand crossbow
  9377 | D:11     | Noticed a two-headed ogre
  9385 | D:11     | Killed a two-headed ogre
  9385 | D:11     | Reached skill level 15 in Long Blades
  9385 | D:11     | Received a gift from Yredelemnul (2 flying skulls)
  9389 | D:11     | Reached **** piety under Yredelemnul
  9762 | Lair:1   | Entered Level 1 of the Lair of Beasts
  9786 | Lair:1   | Noticed a five-headed hydra
  9797 | Lair:1   | Killed an eight-headed hydra
 10265 | Lair:1   | Received a gift from Yredelemnul (a wight)
 10277 | Lair:1   | Noticed Urug
 10306 | Lair:1   | Killed Urug
 11095 | Lair:2   | Reached XP level 13. HP: 110/118 MP: 14/16
 11456 | Lair:2   | Received a gift from Yredelemnul (a mummy)
 11673 | Lair:2   | Noticed Fannar
 11695 | Lair:2   | Killed Fannar
 12444 | Lair:3   | Noticed Gastronok
 12482 | Lair:3   | Killed Gastronok
 12482 | Lair:3   | Received a gift from Yredelemnul (a wight)
 12937 | Lair:3   | Found a hole to the Spider Nest.
 13247 | Lair:3   | Noticed Rupert
 13251 | Lair:3   | Received a gift from Yredelemnul (a wight)
 13256 | Lair:3   | Paralysed by Rupert for 2 turns
 13259 | Lair:3   | Killed Rupert
 13775 | Lair:4   | Found a staircase to the Shoals.
 14884 | Lair:5   | Found a staircase to the Slime Pits.
 14897 | Lair:5   | You fall into a shaft and drop 1 floor!
 14897 | Lair:6   | Entered Level 6 of the Lair of Beasts
 14916 | Lair:6   | Slain by a catoblepas

Levels and vault maps discovered:
D:1:      ncdulo_wetmaze, layout_loops_cross, chequers_serial_rivers_micro_c
D:2:      layout_rooms, nicolae_gozag_seed_capital, uniq_terence
D:3:      layout_loops_ring, hellmonk_ghost_happy_afterlife, first_ration
D:4:      old_forge, layout_rooms, vehumet_altar_wand_db, uniq_ijyb
D:5:      wander_river, layout_basic
D:6:      layout_layer_cave, gup_sewer_entry_spiral, uniq_edmund
D:7:      layout_loops_corners, minmay_temple_entry_tees, uniq_pikel
D:8:      minmay_statue_hallways, layout_basic, kennysheep_mini, serial_shops,
          kennysheep_mini_moat, hangedman_ranch [blue_anna_fruit_fields],
          uniq_prince_ribbit1, uniq_maggie, uniq_grum
D:9:      layout_basic, minitemple, minmay_orc_entry_guard_dogs,
          ebering_ghost_reflecting_pool, serial_shops, nicolae_shop_crystal
D:10:     layout_roguey, serial_glass, glass_columns_a, glass_columns_b,
          item_on_display_a, feat_on_display, uniq_maurice, uniq_joseph
D:11:     layout_loops_ring, due_lair_maze_entry_diamond, enter_bailey_8,
          ebering_ghost_rock_garden, mrwooster_statue_mirror
Temple:   nicolae_temple_figure_eight
Lair:1:   minmay_lair_venomous_thicket, layout_regular_city, uniq_urug
Lair:2:   layout_small_grid, grunt_megastairs_1, uniq_fannar
Lair:3:   layout_cave_pods, spider_nest_entry_web_field, grunt_megastairs_2,
          uniq_gastronok, uniq_rupert
Lair:4:   layout_cave_pods, shoals_dummy_entry
Lair:5:   layout_concentric_octagons, nicolae_slime_entry_slimehenge,
          portal_ice_cave_entry_pillars_1, serial_bayou_shore_a
Lair:6:   grunt_lair_end_beastmaster, layout_layer_cave,
          gammafunk_lair_bear_cave

Skill      XL: |  1  2  3  4  5  6  7  8  9 10 11 12 13 |
---------------+----------------------------------------+-----
Fighting       | 4 5 7 8 9 10 12 13 | 13.1
Armour         | 4 5 7 9 10 11 13 14 | 14.5
Long Blades    | 3 4 5 7 8 10 12 13 14 15 | 15.7
Shields        | 4 5 7 8 |  8.6
Dodging        | 1 3 |  3.1
Stealth        | 1 |  1.1
Invocations    | 3 5 6 7 |  7.6
Short Blades   | 1 |  1.1

Action                   |  1- 3 |  4- 6 |  7- 9 | 10-12 | 13-15 || total
-------------------------+-------+-------+-------+-------+-------++-------
Melee: Long sword        |    79 |    99 |   176 |   511 |   270 ||  1135
       Headbutt          |    15 |    25 |    43 |   158 |   107 ||   348
       Double sword      |       |       |    30 |    37 |       ||    67
       Rapier            |       |       |       |     4 |     9 ||    13
Invok: Animate Remains   |       |       |       |    13 |       ||    13
       Animate Dead      |       |       |       |     6 |    15 ||    21
       Recall Undead Sla |       |       |       |     2 |     3 ||     5
       Injury Mirror     |       |       |       |       |     1 ||     1
  Use: Scroll            |     9 |     1 |     6 |     7 |     1 ||    24
       Potion            |       |       |     1 |     1 |     4 ||     6
 Stab: Distracted        |       |       |       |     3 |     7 ||    10
  Eat: Chunk             |     1 |     4 |     8 |    24 |    18 ||    55
       Ration            |       |       |       |     1 |       ||     1
Armor: Plate armour      |    69 |    74 |   186 |   220 |   130 ||   679
Dodge: Dodged            |    24 |    34 |    86 |   197 |    94 ||   435
Block: Buckler           |       |       |       |    96 |    72 ||   168
       Rpst.: Long sword |     6 |     9 |    28 |    42 |    18 ||   103
       Double sword      |       |       |     3 |     3 |       ||     6

Table legend:
 A = Non-vault XP
 B = Vault XP
 C = Vault XP percentage of total XP
 D = Non-vault monster count
 E = Vault monster count
 F = Vault count percentage of total count
                 A         B        C        D         E       F
            +---------+---------+-------+---------+---------+-------
      Total |   32375 |   14379 |  30.8 |     311 |      97 |  23.8
            +---------+---------+-------+---------+---------+-------
        D:1 |      43 |       0 |   0.0 |      18 |       0 |   0.0
        D:2 |      43 |       0 |   0.0 |      19 |       0 |   0.0
        D:3 |     150 |       0 |   0.0 |      26 |       0 |   0.0
        D:4 |     283 |     453 |  61.5 |       8 |      14 |  63.6
        D:5 |     400 |       0 |   0.0 |       8 |       0 |   0.0
        D:6 |     486 |     210 |  30.2 |      14 |       9 |  39.1
        D:7 |    1359 |     571 |  29.6 |       9 |       1 |  10.0
        D:8 |    2868 |    4034 |  58.4 |      50 |      15 |  23.1
        D:9 |    1124 |     149 |  11.7 |      23 |       1 |   4.2
       D:10 |    3271 |     920 |  22.0 |      33 |       2 |   5.7
       D:11 |    3657 |    1163 |  24.1 |      19 |      12 |  38.7
     Lair:1 |    3347 |    1642 |  32.9 |      21 |      13 |  38.2
     Lair:2 |    5908 |     727 |  11.0 |      23 |       2 |   8.0
     Lair:3 |    3484 |    4332 |  55.4 |      20 |       6 |  23.1
     Lair:4 |    5291 |       0 |   0.0 |      17 |       0 |   0.0
     Lair:5 |     661 |     148 |  18.3 |       3 |       6 |  66.7
      Sewer |       0 |      30 | 100.0 |       0 |      16 | 100.0
            +---------+---------+-------+---------+---------+-------
